Map: Bel'Shir Vestige LE (Void)

Players

Spirit - Winner!

  • Race: Protoss Protoss
  • League: Master
  • Spawn Location: 11:00

Railgan

  • Race: Terran Terran
  • League: Grandmaster
  • Spawn Location: 5:00

VOD

Have the link to the VOD?

Description

Time

  • Played on: March 4, 2017, 9:52 a.m.
  • Length: 10:13
Show
View Real Time Build Order
Export as new Build Order

Spirit Protoss - Winner!

Build Orders: 1 Gate Expand, Oracle Opening 

Get SALT Encoding   

  12  0:00  Probe (Chrono Boost)  
  13  0:11  Probe (Chrono Boost)  
  14  0:18  Pylon  
  14  0:22  Probe (Chrono Boost)  
  15  0:36  Probe (Chrono Boost)  
  15  0:38  Gateway  
  16  0:44  Assimilator  
  16  0:47  Probe (Chrono Boost)  
  17  0:57  Probe (Chrono Boost)  
  18  1:08  Probe (Chrono Boost)  
  20  1:18  Probe (Chrono Boost)  
  20  1:27  Nexus  
  20  1:32  Assimilator  
  20  1:38  Cybernetics Core  
  20  1:47  Probe (Chrono Boost)  
  20  1:53  Pylon  
  21  1:58  Probe (Chrono Boost)  
  23  2:15  Mothership Core (Chrono Boost)  
  23  2:33  Probe (Chrono Boost)  
  23  2:34  Stargate  
  24  2:37  Adept  
  27  2:44  Probe (Chrono Boost)  
  27  2:49  Warp Gate  
  27  2:51  Probe (Chrono Boost)  
  28  2:55  Probe (Chrono Boost)  
  29  3:01  Probe (Chrono Boost)  
  29  3:05  Probe (Chrono Boost)  
  31  3:12  Void Ray, Probe (Chrono Boost)  
  32  3:14  Pylon  
  32  3:17  Probe (Chrono Boost)  
  37  3:22  Probe (Chrono Boost)  
  38  3:29  Probe (Chrono Boost)  
  38  3:33  Probe (Chrono Boost)  
  41  3:41  Probe (Chrono Boost)  
  41  3:44  Probe (Chrono Boost)  
  42  3:50  Oracle  
  42  3:52  Pylon  
  42  3:53  Probe (Chrono Boost)  
  42  3:54  Probe (Chrono Boost)  
  47  4:05  Probe x2 (Chrono Boost)  
  47  4:08  Assimilator  
  47  4:09  Gateway  
  49  4:10  Assimilator  
  49  4:14  Gateway  
  50  4:17  Probe (Chrono Boost)  
  51  4:24  Probe (Chrono Boost)  
  51  4:28  Robotics Facility  
  51  4:29  Probe (Chrono Boost)  
  52  4:35  Probe (Chrono Boost)  
  52  4:36  Pylon  
  53  4:40  Probe (Chrono Boost)  
  53  4:45  Probe (Chrono Boost)  
  55  4:51  Probe (Chrono Boost)  
  56  4:58  Nexus  
  56  5:00  Pylon  
  56  5:10  Oracle, Probe (Chrono Boost)  
  56  5:12  Probe (Chrono Boost)  
  58  5:16  Immortal  
  58  5:20  Probe (Chrono Boost)  
  63  5:22  Probe (Chrono Boost)  
  63  5:28  Pylon  
  64  5:29  Stalker x2  
  64  5:30  Stalker  
  64  5:31  Probe (Chrono Boost)  
  64  5:33  Probe (Chrono Boost)  
  72  5:35  Twilight Council  
  72  5:42  Probe (Chrono Boost)  
  73  5:43  Probe (Chrono Boost)  
  73  5:48  Stargate  
  74  5:52  Probe (Chrono Boost)  
  74  5:54  Probe (Chrono Boost)  
  76  5:58  Immortal  
  76  5:59  Forge  
  76  6:03  Probe (Chrono Boost)  
  81  6:05  Probe (Chrono Boost)  
  81  6:09  Pylon  
  78  6:14  Probe (Chrono Boost)  
  76  6:20  Protoss Ground Weapons Level 1  
  76  6:26  Probe (Chrono Boost)  
  76  6:27  Probe (Chrono Boost)  
  76  6:28  Blink  
  78  6:34  Gateway  
  78  6:35  Gateway  
  78  6:38  Observer  
  78  6:39  Photon Cannon, Probe (Chrono Boost)  
  80  6:41  Pylon, Probe (Chrono Boost)  
  80  6:42  Probe (Chrono Boost)  
  80  6:43  Photon Cannon  
  82  6:53  Probe (Chrono Boost)  
  83  6:55  Void Ray x2  
  91  7:07  Immortal  
  94  7:10  Probe (Chrono Boost)  
  94  7:11  Probe (Chrono Boost)  
  94  7:12  Probe (Chrono Boost)  
  91  7:22  Probe x2 (Chrono Boost)  
  91  7:24  Probe (Chrono Boost)  
  91  7:27  Stalker x3  
  98  7:33  Probe (Chrono Boost)  
  98  7:34  Probe (Chrono Boost)  
  98  7:35  Fleet Beacon  
  98  7:36  Protoss Air Weapons Level 1  
  100  7:39  Pylon  
  100  7:47  Probe x2 (Chrono Boost)  
  100  7:49  Probe (Chrono Boost)  
  100  7:50  Assimilator  
  103  7:52  Assimilator  
  103  7:54  Immortal  
  105  8:25  Stalker x3  
  101  8:32  Tempest x2  
  101  8:33  Immortal  
  117  8:54  Gateway  
  117  8:55  Gateway  
  117  8:56  Probe x2 (Chrono Boost)  
  117  8:57  Gateway  
  117  8:58  Probe (Chrono Boost)  
  117  8:59  Gateway  
  117  9:01  Photon Cannon  
  117  9:02  Pylon  
  117  9:03  Pylon  
  117  9:15  Immortal  
  117  9:17  Robotics Facility  
  121  9:25  Stalker x3  
  127  9:34  Gateway  
  127  9:44  Pylon, Nexus  
  127  9:47  Pylon  
  125  10:06  Stalker  
  125  10:07  Stalker x4  
  112  10:08  Stalker x3  
Show
View Real Time Build Order
Export as new Build Order

Railgan Terran 

Build Orders: Reaper Expand, Mech 

Get SALT Encoding   

  12  0:01  SCV  
  13  0:13  SCV  
  14  0:19  Supply Depot  
  14  0:25  SCV  
  15  0:40  SCV  
  16  0:43  Barracks  
  16  0:46  Refinery  
  16  0:52  SCV  
  16  0:54  Refinery  
  17  1:04  SCV  
  18  1:17  SCV  
  19  1:31  Orbital Command  
  19  1:32  Reaper  
  20  1:51  Command Center  
  20  1:58  SCV  
  22  2:14  Barracks Reactor, Factory  
  21  2:16  SCV  
  22  2:24  Supply Depot  
  22  2:28  SCV  
  23  2:43  Factory  
  23  2:46  SCV  
  24  2:58  SCV  
  25  3:01  Starport  
  25  3:03  Orbital Command  
  25  3:10  SCV  
  26  3:14  Cyclone  
  29  3:22  SCV  
  30  3:29  Barracks Tech Lab  
  30  3:31  Cyclone  
  30  3:33  Orbital Command  
  33  3:34  Widow Mine, SCV  
  36  3:47  Starport Tech Lab  
  36  3:50  SCV  
  37  3:56  Supply Depot  
  37  4:02  SCV x2  
  39  4:07  Raven  
  39  4:09  Hellion x2  
  45  4:14  SCV  
  46  4:18  SCV  
  46  4:26  SCV  
  46  4:30  Siege Tank, SCV, Engineering Bay  
  51  4:38  SCV  
  52  4:42  SCV  
  53  4:50  Supply Depot x2  
  57  4:53  Hellion x2  
  57  4:54  SCV  
  53  5:03  SCV  
  53  5:06  SCV  
  53  5:15  Siege Tank, Hellion, SCV  
  53  5:16  Hellion  
  53  5:20  SCV  
  62  5:22  Refinery  
  62  5:23  Refinery  
  62  5:28  SCV  
  63  5:30  Factory  
  63  5:32  SCV  
  63  5:34  Factory  
  64  5:40  Starport Reactor, SCV  
  65  5:44  SCV  
  65  5:48  Hellion x2  
  70  5:52  SCV  
  70  5:56  SCV  
  72  5:58  Supply Depot x3  
  72  5:59  Supply Depot  
  72  6:00  Supply Depot  
  72  6:04  SCV  
  72  6:08  SCV  
  74  6:16  Siege Tank  
  72  6:23  SCV x2  
  73  6:29  Viking x2  
  73  6:32  Hellion  
  79  6:35  SCV x2  
  79  6:39  Siege Tank  
  84  6:47  SCV x2  
  84  6:49  Armory  
  84  6:52  Hellion  
  84  6:53  Siege Tank  
  91  6:58  Supply Depot x2  
  91  6:59  SCV  
  91  7:03  SCV  
  91  7:06  Liberator  
  91  7:11  SCV  
  91  7:12  Liberator  
  88  7:22  Siege Tank  
  91  7:23  Hellion x2  
  97  7:33  Command Center  
  97  7:34  SCV x2  
  97  7:43  Missile Turret  
  97  7:45  Missile Turret  
  97  7:46  SCV  
  97  7:49  Cyclone, Hellion  
  103  7:53  Terran Vehicle Weapons Level 1  
  103  7:59  Cyclone  
  103  8:00  Hellion  
  103  8:01  SCV  
  109  8:10  Hellion  
  109  8:12  Liberator  
  109  8:13  Liberator  
  88  8:31  Hellion x2  
  88  8:33  Widow Mine x2  
  96  8:34  SCV x2  
  96  8:53  Hellion x2  
  103  9:04  Siege Tank  
  106  9:14  Cyclone  
  109  9:22  Thor  
  112  9:32  Refinery x2, Hellion  
  112  9:35  Missile Turret  
  112  9:36  Hellion  
  116  9:46  Hellion  
  116  9:51  Supply Depot x2  
Tags
 
Add a new tag
Caveats
  • Supply blocks, unpowered buildings, or Contaminate may cause inaccurate times.
  • Supply counts are checked every 10 seconds.